 Dungeon Crawl Stone Soup version 0.28.0-45-g0d030f2227 (webtiles) character file.

Game seed: 16684206163642115423

8 jimonade the Digger (level 2, -2/15 HPs)
             Began as a Gargoyle Earth Elementalist on Apr 9, 2022.
             Frozen to death by an endoplasm (4 damage)
             ... on level 1 of the Dungeon.
             The game lasted 00:01:04 (626 turns).

jimonade the Digger (Gargoyle Earth Elementalist)    Turns: 626, Time: 00:01:05

Health: -2/15      AC:  4    Str: 11    XL:     2   Next: 8%
Magic:  5/5        EV: 11    Int: 15    God:
Gold:   0          SH:  3    Dex: 10    Spells: 4/5 levels left

rFire   . . .      SeeInvis .   a - +0 dagger
rCold   . . .      Faith    .   e - +0 buckler
rNeg    + . .      Spirit   .   b - +0 robe
rPois   ∞          Reflect  .   (no helmet)
rElec   +          Harm     .   (no cloak)
rCorr   .          Rampage  .   (no gloves)
Will    .....                   (no boots)
Stlth   ++........              (no amulet)
HPRegen 0.05/turn               (no ring)
MPRegen 0.09/turn               (no ring)

@: no status effects
A: sickness immunity, AC +2, negative energy resistance 1, electricity
resistance, torment resistance 1, petrification resistance
a: no special abilities


You were on level 1 of the Dungeon.
You visited 1 branch of the dungeon, and saw 1 of its levels.

Inventory:

Hand Weapons
 a - a +0 dagger (weapon)
 d - a +0 whip
Missiles
 c - 27 stones
Armour
 b - a +0 robe (worn)
 e - a +0 buckler (worn)


   Skills:
 * Level 0.2 Fighting
 + Level 1.5 Dodging
 - Level 2.1 Stealth
 + Level 2.2 Spellcasting
 - Level 0.7 Transmutations
 + Level 4.0 Earth Magic


You had 4 spell levels left.
You knew the following spells:

 Your Spells              Type           Power      Damage    Failure   Level
a - Sandblast             Erth           26%        2d8       5%          1

Your spell library contained the following spells:

 Spells                   Type           Power      Damage    Failure   Level
 Passwall                 Tmut/Erth      6%         N/A       17%         2
 Stone Arrow              Conj/Erth      14%        3d7       36%         3
 Petrify                  Tmut/Erth      8%         N/A       73%         4


Dungeon Overview and Level Annotations

Branches:
Dungeon (1/15)

Altars:


Innate Abilities, Weirdness & Mutations

You are immune to sickness and miasma.
Your stone body is resilient. (AC +2)
You are immune to poison.
You resist negative energy. (rN+)
You are resistant to electric shocks. (rElec)
You are resistant to unholy torment.
You are immune to petrification.


Message History

You drop a +0 dagger.
You start resting.
Magic restored.
You start resting.
HP restored.
You see here a +0 dagger.
Found a buckler.
An endoplasm comes into view.
You see here a +0 buckler.
e - a +0 buckler You start putting on your armour.
You continue putting on your +0 buckler. x2
The endoplasm barely misses you.
You continue putting on your +0 buckler.
The endoplasm jiggles.
The endoplasm freezes you.
You are frozen.
You continue putting on your +0 buckler.
The endoplasm freezes you.
You are frozen.
You finish putting on your +0 buckler.
You barely miss the endoplasm. The endoplasm freezes you.
You are frozen.
You hit the endoplasm.
The endoplasm is heavily wounded.
The endoplasm freezes you.
You are frozen.
* * * LOW HITPOINT WARNING * * *
You hit the endoplasm.
The endoplasm is severely wounded.
The endoplasm freezes you.
You are frozen.
* * * LOW HITPOINT WARNING * * *
You hit the endoplasm but do no damage.
The endoplasm is severely wounded.
The endoplasm jiggles.
The endoplasm freezes you.
You are frozen.
You die...

#..# #....#. #..#
#...... #..#
##...## #..# #...#
#####J.#######...##
.......#^..........
#..............
####..#...........
#@J...#######...##
#.##.## #...#
#.##.# #...# .....#
#...# ##.#### #...#
#.# .# #.# #.#


You could see an endoplasm.

Vanquished Creatures
  2 hobgoblins (D:1)
  A frilled lizard (D:1)
  2 goblins (D:1)
  2 kobolds (D:1)
  A rat (D:1)
8 creatures vanquished.

Notes
Turn   | Place    | Note
-------+----------+-------------------------------------------
     0 | D:1      | jimonade the Gargoyle Earth Elementalist began the quest
                  | for the Orb.
     0 | D:1      | Reached XP level 1. HP: 10/10 MP: 3/3
   398 | D:1      | Reached skill level 4 in Earth Magic
   398 | D:1      | Reached XP level 2. HP: 5/15 MP: 3/5
   626 | D:1      | Frozen to death by an endoplasm

Illustrated notes

Levels and vault maps discovered:
D:1:      lightli_arrival_lavapool, layout_loops_cross,
          hellmonk_ecumenical_altar_dog_temple

Skill      XL: |  1 |
---------------+----+-----
Earth Magic    | 4 |  4.0
Fighting       | |  0.2
Dodging        | |  1.5
Stealth        | |  2.1
Spellcasting   | |  2.2
Transmutations | |  0.7

Action                   || total
-------------------------++-------
Melee: Dagger            ||    24
 Cast: Sandblast         ||     5
Armor: Robe              ||     3
Dodge: Dodged            ||    12
